 Dungeon Crawl Stone Soup version 0.29-a0-356-g7bc237e783 (console) character file.

Game seed: 16884173625289352923

128617 Ignak the Tortoise (level 17, -7/131 HPs)
             Began as a Gnoll Hedge Wizard on Apr 26, 2022.
             Was an Elder of Sif Muna.
             Mangled by an emperor scorpion (25 damage)
             ... on level 4 of the Spider Nest.
             The game lasted 02:14:36 (41725 turns).

Ignak the Tortoise (Gnoll Hedge Wizard)            Turns: 41725, Time: 02:14:40

Health: -7/131     AC: 31    Str: 10 (11) XL:     17   Next: 3%
Magic:  2/34       EV: 15    Int: 21 (22) God:    Sif Muna [****..]
Gold:   3298       SH: 12    Dex: 14 (16) Spells: 7/42 levels left

rFire   . . .      SeeInvis .   a - +8 spear "Ciur" {drain, Int+3 Dex+3}
rCold   + . .      Faith    .   S - +0 buckler
rNeg    . . .      Spirit   .   F - +3 swamp dragon scales
rPois   +          Reflect  +   h - +2 helmet
rElec   .          Harm     .   n - +2 cloak
rCorr   .          Rampage  .   e - +2 pair of gloves
Will    +....                   p - +2 pair of boots
Stlth   ++++......              R - amulet of reflection
HPRegen 0.31/turn               N - ring of ice
MPRegen 0.24/turn               z - ring of protection from fire

@: studying 2 skills
A: fangs 1, strong nose, distributed training, iridescent scales 1, sense
surroundings 1
a: Renounce Religion, Channel Magic, Forget Spell, Divine Exegesis


You were on level 4 of the Spider Nest.
You worshipped Sif Muna.
Sif Muna was greatly pleased with you.
You visited 6 branches of the dungeon, and saw 26 of its levels.
You also visited: Bailey.

You collected 3620 gold pieces.
You spent 322 gold pieces at shops.

Inventory:

Hand Weapons
 a - the +8 spear "Ciur" (weapon) {drain, Int+3 Dex+3}
   (You found it on level 6 of the Dungeon)

   A truly terrible weapon, it drains the life of any living foe it strikes.
   Int:       It affects your intelligence (+3).
   Dex:       It affects your dexterity (+3).
 b - a +0 short sword of venom
 l - the +5 whip of Magnificence {freeze, rElec}
   (You found it on level 3 of the Dungeon)

   It freezes those it strikes, dealing additional cold damage.
   It can also slow down cold-blooded creatures.
   rElec:     It insulates you from electricity.
Missiles
 i - 12 poisoned darts (quivered)
Armour
 e - a +2 pair of gloves (worn)
 h - a +2 helmet (worn)
 n - a +2 cloak (worn)
 p - a +2 pair of boots (worn)
 F - +3 swamp dragon scales (worn)
 K - a scarf of invisibility
 S - a +0 buckler (worn)
Jewellery
 j - a +4 ring of protection
 t - a ring of fire
 z - a ring of protection from fire (right hand)
 N - a ring of ice (left hand)
 P - the ring of Yblotah {rPois rN++ Int+2 Dex+4 Slay-2}
   (You found it on level 2 of the Lair of Beasts)

   [ring of poison resistance]

   Int:       It affects your intelligence (+2).
   Dex:       It affects your dexterity (+4).
   Slay:      It affects your accuracy & damage with ranged weapons and melee
   (-2).
   rPois:     It protects you from poison.
   rN:        It greatly protects you from negative energy.
 R - an amulet of reflection (around neck)
Wands
 r - a wand of digging (7)
 x - a wand of mindburst (18)
 Q - a wand of acid (13)
 U - a wand of iceblast (9)
 X - a wand of polymorph (4)
Scrolls
 d - a scroll of amnesia
 f - 5 scrolls of teleportation
 k - 4 scrolls of magic mapping
 o - 4 scrolls of fog
 s - a scroll of summoning
 w - 9 scrolls of fear
 D - a scroll of blinking
 E - 7 scrolls of enchant weapon
 G - 2 scrolls of holy word
 O - 3 scrolls of silence
 T - 3 scrolls of identify
Potions
 c - 6 potions of haste
 m - a potion of flight
 q - 2 potions of berserk rage
 v - 9 potions of curing
 A - 4 potions of might
 B - a potion of mutation
 C - 4 potions of brilliance
 I - 3 potions of magic
 L - 5 potions of heal wounds
 M - a potion of ambrosia
 Y - a potion of resistance
Miscellaneous
 J - a condenser vane


   Skills:
 + Level 11.3 Fighting
 + Level 11.3 Short Blades
 + Level 11.3 Long Blades
 + Level 11.3 Axes
 + Level 11.3 Maces & Flails
 + Level 11.3 Polearms
 + Level 11.3 Staves
 + Level 11.3 Slings
 + Level 11.3 Bows
 + Level 11.3 Crossbows
 + Level 12.1 Throwing
 + Level 15.1 Armour
 + Level 12.2 Dodging
 + Level 12.1 Stealth
 + Level 11.3 Shields
 + Level 11.3 Unarmed Combat
 + Level 13.3 Spellcasting
 + Level 9.8 Conjurations
 + Level 9.6 Hexes
 + Level 9.8 Summonings
 + Level 9.6 Necromancy
 + Level 9.8 Translocations
 + Level 9.6 Transmutations
 + Level 9.6 Fire Magic
 + Level 9.6 Ice Magic
 + Level 9.6 Air Magic
 + Level 9.6 Earth Magic
 + Level 9.6 Poison Magic
 + Level 12.3 Invocations
 + Level 11.3 Evocations


You had 7 spell levels left.
You knew the following spells:

 Your Spells              Type           Power      Damage    Failure   Level
a - Magic Dart            Conj           100%       1d8       1%          1
b - Blink                 Tloc           100%       N/A       1%          2
c - Frozen Ramparts       Ice            100%       1d12      1%          3
d - Mephitic Cloud        Conj/Pois/Air  53%        N/A       1%          3
e - Call Imp              Summ           53%        N/A       1%          2
f - Freezing Cloud        Conj/Ice/Air   35%        6-21      5%          5
g - Starburst             Conj/Fire      26%        6d8       30%         6
q - Summon Guardian Gole  Hex/Summ       53%        N/A       1%          3
r - Vampiric Draining     Necr           53%        2d9       1%          3
w - Summon Ice Beast      Ice/Summ       70%        N/A       1%          4
z - Ozocubu's Armour      Ice            69%        N/A       1%          3

Your spell library contained the following spells:

 Spells                   Type           Power      Damage    Failure   Level
 Animate Skeleton         Necr           100%       N/A       1%          1
 Apportation              Tloc           100%       N/A       1%          1
 Foxfire                  Conj/Fire      100%       2x1d9     1%          1
 Pain                     Necr           100%       1d9       1%          1
 Shock                    Conj/Air       100%       1d9       1%          1
 Slow                     Hex            100%       N/A       1%          1
 Summon Small Mammal      Summ           100%       N/A       1%          1
 Corpse Rot               Necr/Air       100%       N/A       1%          2
 Ensorcelled Hibernation  Hex/Ice        100%       N/A       1%          2
 Poisonous Vapours        Pois/Air       100%       N/A       1%          2
 Searing Ray              Conj           100%       2d8       1%          2
 Static Discharge         Conj/Air       53%        N/A       1%          2
 Call Canine Familiar     Summ           53%        N/A       1%          3
 Conjure Flame            Conj/Fire      53%        6-21      1%          3
 Dazzling Flash           Conj/Hex       100%       N/A       1%          3
 Inner Flame              Hex/Fire       53%        N/A       1%          3
 Portal Projectile        Hex/Tloc       100%       N/A       1%          3
 Spider Form              Tmut/Pois      53%        N/A       1%          3
 Stone Arrow              Conj/Erth      100%       3d13      1%          3
 Anguish                  Hex/Necr       26%        N/A       1%          4
 Animate Armour           Summ/Erth      100%       N/A       1%          4
 Flame Wave               Conj/Fire      53%        2d11      1%          4
 Fulminant Prism          Conj/Hex       26%        3d14      1%          4
 Ice Form                 Ice/Tmut       69%        N/A       1%          4
 Iskenderun's Mystic Bla  Conj/Tloc      53%        2d11      1%          4
 Leda's Liquefaction      Hex/Erth       26%        N/A       1%          4
 Petrify                  Tmut/Erth      53%        N/A       1%          4
 Sticky Flame             Conj/Fire      53%        2d7       1%          4
 Iskenderun's Battlesphe  Conj           53%        2d10      4%          5
 Manifold Assault         Tloc           53%        N/A       4%          5
 Alistair's Intoxication  Tmut/Pois      35%        N/A       5%          5
 Blade Hands              Tmut           26%        N/A       5%          5
 Excruciating Wounds      Necr           26%        N/A       5%          5
 Fireball                 Conj/Fire      26%        3d12      5%          5
 Irradiate                Conj/Tmut      26%        3d22      5%          5
 Lightning Bolt           Conj/Air       26%        1d42      5%          5
 Metabolic Englaciation   Hex/Ice        34%        N/A       5%          5
 Summon Mana Viper        Hex/Summ       53%        N/A       5%          5
 Yara's Violent Unravell  Hex/Tmut       26%        3d11      5%          5
 Conjure Ball Lightning   Conj/Air       26%        3x3d7     30%         6
 Iron Shot                Conj/Erth      26%        9d6       30%         6
 Simulacrum               Ice/Necr       34%        N/A       30%         6
 Statue Form              Tmut/Erth      35%        N/A       30%         6
 Orb of Destruction       Conj           26%        9d9       83%         7
 Spellforged Servitor     Conj/Summ      26%        N/A       83%         7
 Dragon Form              Tmut           26%        N/A       86%         7
 Lehudib's Crystal Spear  Conj/Erth      26%        10d7      100%        8
 Polar Vortex             Ice            34%        N/A       100%        9


Dungeon Overview and Level Annotations

Branches:
Dungeon (12/15)            Temple (1/1) D:5            Lair (6/6) D:8
  Swamp (0/4) Lair:2       Spider (4/4) Lair:2        Slime (0/5) Lair:6
    Orc (2/2) D:12            Elf (1/3) Orc:2        Bailey (visited)

Altars:
Ashenzari
Cheibriados
Dithmenos
Elyvilon
Fedhas
Gozag
Hepliaklqana
Kikubaaqudgha
Makhleb
Nemelex Xobeh
Okawaru
Qazlal
Ru
Sif Muna
Trog
Uskayaw
Vehumet
Wu Jian
Xom
Yredelemnul
Zin
The Shining One
Beogh
Lugonu

Shops:
Orc:2 (!:?

Portals:
Abyss: Lair:6
Trove: D:12 (give 7 potions of haste)


Innate Abilities, Weirdness & Mutations

You have very sharp teeth.
Your uncanny sense of smell can sniff out nearby items.
Your experience applies equally to all skills.
You are partially covered in iridescent scales. (AC +2)
You passively map a small area around you.


Message History

The emperor scorpion claws your guardian golem but does no damage.
The emperor scorpion claws your guardian golem!
Flame seeps out of your guardian golem.
You hear an angry buzzing noise.
The emperor scorpion stings your guardian golem but does no damage.
The emperor scorpion barely misses your guardian golem.
The emperor scorpion claws your guardian golem!
Your guardian golem disappears in a puff of smoke!
Your guardian golem explodes!
The fiery explosion engulfs the emperor scorpion!!
You feel sick.
The emperor scorpion is engulfed in blazing flames. x2
You see here a +0 pair of boots.
You feel sick.
You are no longer poisoned.
You hear an angry buzzing noise.
The emperor scorpion is engulfed in blazing flames.
Press: ? - help, v - describe, . - travel
Here: an emperor scorpion (flame, heavily wounded, berserk)
The floor.
Casting: Summon Guardian Golem (safe; 1% risk of failure)
Confirm with . or Enter, or press ? or * to list all spells.
Okay, then.
Unknown command.
Okay, then.
Press: ? - help, v - describe, . - travel
Here: an emperor scorpion (flame, heavily wounded, berserk)
The floor.
Casting: Summon Guardian Golem (safe; 1% risk of failure)
Confirm with . or Enter, or press ? or * to list all spells.
You feel a surge of power! A chill wind blows around you.
The emperor scorpion is engulfed in blazing flames.
The emperor scorpion attacks as you move away!
The emperor scorpion stings you.
* * * LOW HITPOINT WARNING * * *
The emperor scorpion claws you but does no damage.
The emperor scorpion claws you.
* * * LOW HITPOINT WARNING * * *
The emperor scorpion stings you!!
You die...

###..≈.....s..
######......##^.##.
#####≈≈≈#..§§#..##.s###
#.^≈≈≈≈≈≈.§.#####^.y# #
#...≈##≈..§§# #.†##
#.####^....## #'†#∆,
######Y[≈### ∆[!##!∆ *
##≈^^s##** #..[ ..
##≈..@≈# *∆,+... ∆!!^
#...^≈#### ### ####
###..≈≈≈≈.^# ###########
##.^..###...###..≈##..^≈#
#≈...## #.##^...........
#....### ##^...^.....#..
##^....#####...##≈....##^
###
##..≈^..##≈..≈##^.§≈####
###.#
###≈......≈##....^## #


You could see an emperor scorpion (berserk, ally target) and a friendly ice
beast (summoned).

Vanquished Creatures
  Arachne (Spider:3)
  An emperor scorpion (Spider:3)
  The ghost of Miritol the Worldbinder, an adept TeSu of Jiyva (Spider:2)
  3 ghost moths
  A broodmother (Lair:2)
  An entropy weaver (Spider:2)
  A spark wasp (Spider:4)
  7 hydras
  Erolcha (Orc:2)
  A rakshasa (D:11)
  3 ogre magi (Orc:2)
  6 boulder beetles
  3 jorogumos
  A radroach (Spider:1)
  2 two-headed ogres
  A death knight (D:11)
  2 thrashing horrors (Lair:6)
  A skeletal warrior (D:11)
  A sun moth (Spider:3)
  3 pharaoh ants
  5 steelbarb worms
  7 orb spiders
  Pikel (D:4)
  An orc knight (Bailey)
  2 deep elf pyromancers (Elf:1)
  2 ugly things
  4 orc sorcerers (Orc:2)
  28 wolf spiders
  5 moths of wrath
  2 cyclopes
  18 elephants
  4 black mambas
  3 torpor snails
  2 smoke demons (Lair:6)
  Psyche (D:11)
  5 demonic crawlers
  6 cane toads
  4 komodo dragons
  Maggie (D:8)
  An efreet (D:11)
  3 rime drakes
  2 ancient zymes (Lair:6)
  6 meliai
  3 hornets (Spider:4)
  A tarantella (shapeshifter) (D:11)
  18 tarantellas
  A polar bear (Lair:1)
  3 slime creatures
  6 dream sheep (Lair:6)
  Grinder (D:3)
  17 blink frogs
  32 jumping spiders
  4 small abominations (Lair:6)
  31 yaks
  5 wyverns
  14 culicivoras
  A ynoxinul (Lair:6)
  44 redbacks
  2 basilisks (Lair:6)
  2 chaos spawn (Lair:6)
  A warg (Orc:1)
  Menkaure (D:7)
  13 water moccasins
  A large abomination (Lair:6)
  8 orc warriors
  A sky beast (D:8)
  2 ice beasts
  An ogre (Orc:1)
  3 centaurs
  16 wolves
  A kobold brigand (D:10)
  A necrophage (D:8)
  11 bullfrogs
  8 wights
  3 scorpions
  14 killer bees
  2 nameless horrors
  9 electric eels
  4 howler monkeys
  3 hounds
  8 orc priests
  A jelly (D:5)
  Crazy Yiuf (D:6)
  A gnoll shaman (D:9)
  33 orc wizards
  Terence (D:3)
  2 iguanas
  Natasha (D:4)
  5 hell rats (Lair:6)
  4 adders
  4 gnolls (D:9)
  An ufetubus (D:5)
  A worm (D:5)
  50 orcs
  7 ball pythons
  3 bats
  5 endoplasms
  5 giant cockroaches
  10 goblins
  2 hobgoblins (D:3)
  2 quokkas
  5 frilled lizards
  8 kobolds
  3 rats
605 creatures vanquished.

Vanquished Creatures (collateral kills)
  An entropy weaver (Lair:2)
  An ogre mage (D:11)
  A two-headed ogre (D:8)
  2 deep elf zephyrmancers (Elf:1)
  A cyclops (Orc:2)
  An orc sorcerer (Orc:2)
  The ghost of 101zpm the Gusty, a novice GnAE of Qazlal (D:8)
  A wolf spider (Spider:4)
  An elephant (Lair:6)
  A smoke demon (Lair:6)
  A torpor snail (Spider:2)
  A rime drake (Lair:5)
  A komodo dragon (Lair:4)
  A polar bear (Lair:3)
  2 blink frogs
  2 tarantellas
  A slime creature (D:12)
  A jumping spider (Spider:4)
  5 yaks
  A large abomination (Lair:6)
  A redback (Spider:4)
  A chaos spawn (Lair:6)
  An orc warrior (Orc:2)
  2 ogres
  2 small abominations (Lair:6)
  A wight (D:4)
  4 killer bees
  A jelly (D:5)
  An orc priest (D:4)
  A hound (D:4)
  Natasha (twice) (D:4)
  An iguana (D:6)
  3 orc wizards
  A hell rat (Lair:6)
  An adder (D:3)
  2 dart slugs
  20 orcs
  2 endoplasms
  3 giant cockroaches
  A goblin (D:3)
  A hobgoblin (D:2)
  5 kobolds
  3 quokkas
  2 ball pythons
  3 bats (D:1)
  A rat (D:2)
93 creatures vanquished.

Vanquished Creatures (others)
  The ghost of confidenceinterval the Stormcaller, an adept TeAE of Ashenzari (Spider:2)
  Harold (D:10)
  3 boulder beetles
  A centaur warrior (D:11)
  An ogre mage (Orc:2)
  A hydra (D:11)
  3 skeletal warriors
  2 orb spiders
  A cyclops (D:12)
  An elephant (Lair:6)
  A smoke demon (Lair:6)
  A torpor snail (Lair:2)
  2 cane toads
  A gargoyle (D:10)
  A rime drake (Lair:2)
  2 komodo dragons
  A demonic crawler (Lair:2)
  3 meliai
  A tarantella (Lair:2)
  2 blink frogs (Lair:6)
  A dream sheep (Lair:6)
  A jumping spider (Spider:2)
  A centaur simulacrum (D:11)
  A basilisk (Lair:6)
  14 yaks
  2 wraiths
  2 redbacks
  A small abomination (Lair:6)
  A large abomination (Lair:6)
  A floating eye (shapeshifter) (D:11)
  8 orc warriors
  2 black bears
  An ogre (Orc:1)
  A lemure (D:3)
  Blork the orc (D:4)
  3 bullfrogs
  7 wights
  4 killer bees
  3 orc priests
  6 orc wizards
  A hell rat (Lair:6)
  12 orcs
  3 bushes
  59 fungi
  43 plants
  5 withered plants (Spider:2)
214 creatures vanquished.

Grand Total: 912 creatures vanquished

Notes
Turn   | Place    | Note
-------+----------+-------------------------------------------
     0 | D:1      | Ignak the Gnoll Hedge Wizard began the quest for the Orb.
     0 | D:1      | Reached XP level 1. HP: 13/13 MP: 8/8
   313 | D:1      | Reached XP level 2. HP: 18/19 MP: 10/10
   318 | D:1      | Learned a level 2 spell: Blink
   321 | D:1      | Learned a level 2 spell: Call Imp
   510 | D:1      | Reached XP level 3. HP: 18/25 MP: 8/11
   514 | D:1      | Learned a level 3 spell: Mephitic Cloud
  1385 | D:1      | Found a faded altar of an unknown god.
  1442 | D:2      | Reached skill level 1 in Invocations
  2783 | D:3      | Noticed Terence
  2814 | D:3      | Reached skill level 1 in Fighting
  2814 | D:3      | Reached skill level 1 in Short Blades
  2814 | D:3      | Reached skill level 1 in Long Blades
  2814 | D:3      | Reached skill level 1 in Axes
  2814 | D:3      | Reached skill level 1 in Maces & Flails
  2814 | D:3      | Reached skill level 1 in Polearms
  2814 | D:3      | Reached skill level 1 in Staves
  2814 | D:3      | Reached skill level 1 in Slings
  2814 | D:3      | Reached skill level 1 in Bows
  2814 | D:3      | Reached skill level 1 in Crossbows
  2814 | D:3      | Reached skill level 1 in Throwing
  2814 | D:3      | Reached skill level 1 in Armour
  2814 | D:3      | Reached skill level 1 in Shields
  2814 | D:3      | Reached skill level 1 in Unarmed Combat
  2814 | D:3      | Reached skill level 1 in Evocations
  2814 | D:3      | Reached XP level 4. HP: 30/32 MP: 11/13
  2830 | D:3      | Killed Terence
  2860 | D:3      | Reached skill level 1 in Hexes
  2860 | D:3      | Reached skill level 1 in Necromancy
  2860 | D:3      | Reached skill level 1 in Transmutations
  2860 | D:3      | Reached skill level 1 in Fire Magic
  2860 | D:3      | Reached skill level 1 in Ice Magic
  2860 | D:3      | Reached skill level 1 in Air Magic
  2860 | D:3      | Reached skill level 1 in Earth Magic
  2860 | D:3      | Reached skill level 1 in Poison Magic
  3174 | D:3      | Reached XP level 5. HP: 34/37 MP: 11/14
  3862 | D:3      | Noticed Grinder
  3875 | D:3      | Paralysed by Grinder for 7 turns
  4000 | D:3      | Paralysed by Grinder for 5 turns
  4026 | D:3      | Killed Grinder
  4027 | D:3      | Reached skill level 2 in Armour
  4027 | D:3      | Reached skill level 5 in Dodging
  4027 | D:3      | Reached XP level 6. HP: 20/44 MP: 12/16
  4226 | D:3      | Identified the +5 whip of Magnificence {freeze, rElec}
  4439 | D:4      | Noticed an orc warrior
  4733 | D:4      | Reached XP level 7. HP: 39/50 MP: 18/18
  4785 | D:4      | Noticed Natasha
  4794 | D:4      | Killed Natasha
  4902 | D:4      | Noticed Natasha
  4917 | D:4      | Killed Natasha
  5542 | D:3      | Learned a level 3 spell: Summon Guardian Golem
  5547 | D:4      | Noticed Pikel
  5841 | D:4      | Noticed Blork the orc
  5857 | D:4      | Reached skill level 5 in Stealth
  5976 | D:4      | Killed Blork the orc
  6068 | D:4      | Reached XP level 8. HP: 57/57 MP: 19/19
  6144 | D:4      | Killed Pikel
  6145 | D:4      | Reached skill level 3 in Armour
  6427 | D:4      | Learned a level 3 spell: Frozen Ramparts
  6536 | D:4      | Noticed Natasha
  6544 | D:4      | Killed Natasha
  6835 | D:4      | Gained mutation: You are frail. (-10% HP) [potion of
                  | mutation]
  7014 | D:5      | Entered Level 5 of the Dungeon
  7137 | D:5      | Reached XP level 9. HP: 32/58 MP: 15/21
  7693 | D:5      | Found a staircase to the Ecumenical Temple.
  7724 | Temple   | Entered the Ecumenical Temple
  8075 | D:5      | Reached skill level 4 in Armour
  9010 | D:6      | Identified the +8 spear "Ciur" {drain, Int+3 Dex+3}
  9523 | D:6      | Found a runed translucent door.
  9524 | D:6      | Noticed Crazy Yiuf
  9542 | D:6      | Killed Crazy Yiuf
  9757 | D:7      | Found a flagged portal.
  9769 | Bailey   | Entered a bailey
 10021 | Bailey   | Noticed an orc knight
 10027 | Bailey   | Killed an orc knight
 10035 | Bailey   | Reached skill level 5 in Invocations
 10232 | Bailey   | Identified the +0 pair of gloves of a Gauntlet {-Tele rElec
                  | Regen+ Stlth-}
 10401 | D:7      | Reached skill level 5 in Armour
 10448 | D:7      | Reached XP level 10. HP: 65/65 MP: 16/22
 10494 | D:7      | Noticed Menkaure
 10496 | D:7      | Found a sacrificial altar of Ru.
 10527 | D:7      | Killed Menkaure
 10999 | D:7      | Learned a level 3 spell: Vampiric Draining
 11004 | D:7      | Learned a level 4 spell: Summon Ice Beast
 11093 | D:7      | Reached skill level 5 in Fighting
 11093 | D:7      | Reached skill level 5 in Short Blades
 11093 | D:7      | Reached skill level 5 in Long Blades
 11093 | D:7      | Reached skill level 5 in Axes
 11093 | D:7      | Reached skill level 5 in Maces & Flails
 11093 | D:7      | Reached skill level 5 in Polearms
 11093 | D:7      | Reached skill level 5 in Staves
 11093 | D:7      | Reached skill level 5 in Slings
 11093 | D:7      | Reached skill level 5 in Bows
 11093 | D:7      | Reached skill level 5 in Crossbows
 11093 | D:7      | Reached skill level 5 in Throwing
 11093 | D:7      | Reached skill level 5 in Shields
 11093 | D:7      | Reached skill level 5 in Unarmed Combat
 11093 | D:7      | Reached skill level 5 in Evocations
 11624 | D:8      | Found a runed translucent door.
 11627 | D:8      | Noticed 101zpm's ghost (novice GnAE)
 11789 | D:8      | Found a glowing golden altar of the Shining One.
 11790 | D:8      | Found a hide-covered altar of Uskayaw.
 11892 | D:8      | Noticed a two-headed ogre
 11903 | D:8      | Noticed a two-headed ogre
 11923 | D:8      | Killed a two-headed ogre
 11931 | D:8      | Killed a two-headed ogre
 11932 | D:8      | Reached skill level 6 in Armour
 11932 | D:8      | Reached skill level 5 in Conjurations
 11932 | D:8      | Reached skill level 5 in Summonings
 11932 | D:8      | Reached skill level 5 in Translocations
 12644 | D:8      | Lost mutation: You are frail. (-10% HP) [potion of
                  | mutation]
 12644 | D:8      | Gained mutation: You are clumsy. (Dex -2) [potion of
                  | mutation]
 12644 | D:8      | Gained mutation: You have a pair of small horns on your
                  | head. [potion of mutation]
 12644 | D:8      | Gained mutation: You are somewhat resistant to further
                  | mutation. [potion of mutation]
 12723 | D:8      | Found a staircase to the Lair.
 12791 | D:8      | Noticed Maggie
 12817 | D:8      | Killed Maggie
 12836 | D:8      | Found a large runed translucent door.
 12837 | D:8      | Found a large runed translucent door.
 13171 | D:8      | Reached XP level 11. HP: 67/81 MP: 20/24
 13322 | D:8      | Found a shimmering blue altar of Sif Muna.
 13332 | D:8      | Reached skill level 7 in Armour
 13477 | D:8      | Found a burning altar of Makhleb.
 13729 | D:8      | Killed 101zpm's ghost
 13846 | D:9      | Reached skill level 5 in Hexes
 13846 | D:9      | Reached skill level 5 in Necromancy
 13846 | D:9      | Reached skill level 5 in Transmutations
 13846 | D:9      | Reached skill level 5 in Fire Magic
 13846 | D:9      | Reached skill level 5 in Ice Magic
 13846 | D:9      | Reached skill level 5 in Air Magic
 13846 | D:9      | Reached skill level 5 in Earth Magic
 13846 | D:9      | Reached skill level 5 in Poison Magic
 14218 | D:9      | Found a broken altar of Ashenzari.
 14352 | D:8      | Became a worshipper of Sif Muna the Loreminder
 14803 | D:10     | Entered Level 10 of the Dungeon
 14815 | D:10     | Learned a level 3 spell: Stone Arrow
 15023 | D:10     | Noticed Harold
 15043 | D:10     | Killed Harold
 15834 | D:11     | Noticed a boulder beetle
 15847 | D:11     | Noticed a centaur warrior
 15863 | D:11     | Killed a boulder beetle
 15864 | D:11     | Killed a centaur warrior
 15865 | D:11     | Reached skill level 8 in Armour
 16054 | D:11     | Reached * piety under Sif Muna
 16131 | D:11     | Noticed Psyche
 16141 | D:11     | Killed Psyche
 16178 | D:11     | Noticed a rakshasa
 16178 | D:11     | Noticed a death knight
 16178 | D:11     | Noticed a boulder beetle
 16193 | D:11     | Noticed an ogre mage
 16193 | D:11     | Noticed a cyclops
 16194 | D:11     | Noticed a boulder beetle
 16208 | D:11     | Noticed a seven-headed hydra
 16234 | D:11     | Killed a seven-headed hydra
 16888 | D:12     | Found a portal to a secret trove of treasure.
 16902 | D:12     | Noticed a purple ugly thing
 16918 | D:12     | Killed a purple ugly thing
 16977 | D:12     | Reached skill level 10 in Spellcasting
 16977 | D:12     | Reached XP level 12. HP: 89/89 MP: 7/26
 17239 | D:12     | Noticed a boulder beetle
 17651 | D:11     | Reached skill level 9 in Armour
 17915 | D:12     | Killed a boulder beetle
 18443 | D:12     | Found a staircase to the Orcish Mines.
 18806 | Orc:1    | Entered Level 1 of the Orcish Mines
 19057 | Orc:1    | Reached ** piety under Sif Muna
 19486 | Orc:2    | Entered Level 2 of the Orcish Mines
 19799 | Orc:2    | Found a staircase to the Elven Halls.
 19870 | Orc:2    | Noticed a two-headed ogre
 19884 | Orc:2    | Killed a two-headed ogre
 19989 | Orc:2    | Noticed an ogre mage
 19989 | Orc:2    | Noticed an ogre mage
 20010 | Orc:2    | Reached *** piety under Sif Muna
 20013 | Orc:2    | Killed an ogre mage
 20045 | Orc:2    | Killed an ogre mage
 20046 | Orc:2    | Reached skill level 10 in Armour
 20172 | Orc:2    | Noticed an ogre mage
 20216 | Orc:2    | Reached XP level 13. HP: 98/98 MP: 5/27
 20388 | Orc:2    | Found Ryprej's Magic Scroll Shop.
 20789 | Orc:2    | Found a radiant altar of Vehumet.
 20790 | Orc:2    | Noticed Erolcha
 20820 | Orc:2    | Killed Erolcha
 20887 | Orc:2    | Found Nomuur's Book Boutique.
 20916 | Orc:2    | Found an ancient bone altar of Kikubaaqudgha.
 21019 | Orc:2    | Found Xaty's Distillery.
 21196 | Orc:2    | Found Afiddis's Antique Weapon Shop.
 21214 | Orc:2    | Bought a potion of haste for 140 gold pieces
 21214 | Orc:2    | Bought a potion of heal wounds for 70 gold pieces
 21214 | Orc:2    | Bought a potion of mutation for 112 gold pieces
 21236 | Orc:2    | Lost mutation: You have a pair of small horns on your head.
                  | [potion of mutation]
 21236 | Orc:2    | Lost mutation: You are somewhat resistant to further
                  | mutation. [potion of mutation]
 21236 | Orc:2    | Lost mutation: You are clumsy. (Dex -2) [potion of
                  | mutation]
 21236 | Orc:2    | Gained mutation: You are partially covered in iridescent
                  | scales. (AC +2) [potion of mutation]
 21236 | Orc:2    | Gained mutation: You passively map a small area around you.
                  | [potion of mutation]
 21499 | Lair:1   | Entered Level 1 of the Lair of Beasts
 21552 | Lair:1   | Learned a level 5 spell: Freezing Cloud
 22533 | Lair:2   | Found a staircase to the Swamp.
 22623 | Lair:2   | Reached **** piety under Sif Muna
 23110 | Lair:2   | Found a hole to the Spider Nest.
 23422 | Lair:2   | Identified the ring of Yblotah {rPois rN++ Int+2 Dex+4
                  | Slay-2}
 23828 | Lair:3   | Reached skill level 11 in Armour
 25317 | Lair:4   | Reached skill level 10 in Dodging
 25404 | Lair:4   | Identified the +0 ring mail of Decolas {-Cast rN+ Dex+4
                  | Slay+2}
 25467 | Lair:4   | Reached XP level 14. HP: 95/106 MP: 29/29
 26329 | Lair:5   | Reached skill level 10 in Stealth
 26418 | Lair:5   | Reached ***** piety under Sif Muna
 26564 | Lair:5   | Received a gift from Sif Muna
 26565 | Lair:5   | Reached skill level 10 in Invocations
 26565 | Lair:5   | Got Sif Muna's Incunabulum of Attacks {god gift}
 26582 | Lair:5   | Reached skill level 12 in Armour
 26984 | Lair:5   | You fall into a shaft and drop 1 floor!
 26984 | Lair:6   | Entered Level 6 of the Lair of Beasts
 27300 | Lair:6   | Found a staircase to the Slime Pits.
 29039 | Lair:6   | Received a gift from Sif Muna
 29056 | Lair:6   | Reached XP level 15. HP: 27/115 MP: 7/31
 30014 | Lair:6   | Found a corrupted altar of Lugonu.
 30014 | Lair:6   | Found a one-way gate to the infinite horrors of the Abyss.
 30041 | Lair:6   | Identified a scroll of acquirement
 30042 | Lair:6   | Acquired 472 gold pieces
 30616 | Spider:1 | Entered Level 1 of the Spider Nest
 30844 | Spider:1 | Reached skill level 13 in Armour
 30965 | Spider:1 | Reached skill level 10 in Fighting
 30965 | Spider:1 | Reached skill level 10 in Short Blades
 30965 | Spider:1 | Reached skill level 10 in Long Blades
 30965 | Spider:1 | Reached skill level 10 in Axes
 30965 | Spider:1 | Reached skill level 10 in Maces & Flails
 30965 | Spider:1 | Reached skill level 10 in Polearms
 30965 | Spider:1 | Reached skill level 10 in Staves
 30965 | Spider:1 | Reached skill level 10 in Slings
 30965 | Spider:1 | Reached skill level 10 in Bows
 30965 | Spider:1 | Reached skill level 10 in Crossbows
 30965 | Spider:1 | Reached skill level 10 in Throwing
 30965 | Spider:1 | Reached skill level 10 in Shields
 30965 | Spider:1 | Reached skill level 10 in Unarmed Combat
 30965 | Spider:1 | Reached skill level 10 in Evocations
 31467 | Elf:1    | Entered Level 1 of the Elven Halls
 34557 | D:11     | Identified the +8 plate armour of Imperfection {rElec rN+
                  | Int+2}
 35060 | Spider:2 | Learned a level 3 spell: Ozocubu's Armour
 35211 | Spider:2 | You fall into a shaft and drop 1 floor!
 35514 | Spider:2 | Found a runed translucent gate.
 35514 | Spider:2 | Found a runed translucent gate.
 35514 | Spider:2 | Found a runed translucent gate.
 35515 | Spider:2 | Noticed confidenceinterval's ghost (adept TeAE)
 35516 | Spider:2 | Noticed Miritol's ghost (adept TeSu)
 35531 | Spider:2 | Learned a level 6 spell: Starburst
 35605 | Spider:2 | Killed Miritol's ghost
 35606 | Spider:2 | Reached XP level 16. HP: 80/123 MP: 4/32
 35997 | Spider:2 | Killed confidenceinterval's ghost
 35998 | Spider:2 | Reached skill level 14 in Armour
 38914 | Spider:4 | Entered Level 4 of the Spider Nest
 38938 | Spider:4 | Received a gift from Sif Muna
 38939 | Spider:4 | Got Nurho's Tome of Attacks {god gift}
 40206 | Spider:4 | Noticed Arachne
 40722 | Spider:3 | Killed Arachne
 41035 | Spider:4 | Received a gift from Sif Muna
 41036 | Spider:4 | Reached skill level 15 in Armour
 41180 | Spider:4 | Got Sif Muna's Sophisticated Magic {god gift}
 41501 | Spider:4 | Reached XP level 17. HP: 88/131 MP: 1/34
 41725 | Spider:4 | Mangled by an emperor scorpion

Illustrated notes

Levels and vault maps discovered:
D:1:      dpeg_arrival_boxorama, layout_basic, ebering_ecumenical_altar_box,
          palyth_stone_intersect, minmay_cupped
D:2:      layout_basic
D:3:      layout_loops_cross, uniq_grinder, uniq_terence
D:4:      layout_rooms, bh_walls_and_bars, uniq_pikel, uniq_blork_the_orc,
          uniq_natasha
D:5:      layout_loops_ring, minmay_temple_entry_mist
D:6:      layout_gridville, uniq_crazy_yiuf_cottage
D:7:      nicolae_BIG_FREAKIN_CUBE, layout_gridville, amcnicky_altar_gilded,
          enter_bailey_3, uniq_menkaure
D:8:      kennysheep_ambush_hall, layout_loops_ring,
          gammafunk_temple_overflow_pools, jmf_multi_god_temple2,
          lair_entry_dummy, ebering_ghost_reflecting_pool, uniq_maggie
D:9:      layout_roguey, mainiacjoe_overflow_paths, serial_aquarium,
          aquarium_bridge_long_joined [aquarium_subvault_bridge,
          aquarium_subvault_bridge, aquarium_subvault_balcony,
          aquarium_subvault_wall, aquarium_subvault_wall,
          aquarium_subvault_bridge], aquarium_bridge_straight
          [aquarium_subvault_bridge, aquarium_subvault_wall,
          aquarium_subvault_bridge, aquarium_subvault_balcony],
          aquarium_window_corner, aquarium_window_1, aquarium_window_3,
          aquarium_window_fake, aquarium_view_2d, aquarium_view_2c,
          nicolae_figureground_sparkle
D:10:     layout_basic, uniq_harold
D:11:     layout_irregular_city, moated_statue, minivault_12, uniq_psyche
D:12:     layout_layer_cave, orc_0_dummy, enter_trove_2
Temple:   eino_temple_scatter_basement
Lair:1:   layout_layer_cave
Lair:2:   layout_roguey, swamp_mist, spider_nest_entry_web_field,
          nicolae_lair_run_with_the_wolves
Lair:3:   layout_layer_cave, lemuel_fruit_tree, serial_bayou_shore_b,
          infiniplex_staircase_pool
Lair:4:   layout_misc_corridors, patterned_corridor
Lair:5:   layout_gridlike
Lair:6:   hellmonk_lair_end_abyssal_woods, layout_gridlike, slime_dummy
Spider:1: layout_spider_delve, nicolae_spider_nooks_and_crannies
Spider:2: layout_spider_delve, gammafunk_ghost_cemetery, drop_trap
Spider:3: layout_spider_delve, nicolae_spider_nook
Spider:4: spider_rune_water, nicolae_arachne_temple
Orc:1:    layout_caves, basic_altar
Orc:2:    kennysheep_orc_mage_school, layout_diamond_mine, basic_altar
Elf:1:    eino_elf_arrival_sip, layout_geoelf_octagon, basic_altar,
          serial_shops, nicolae_square_shop, kennysheep_underground_church

Skill      XL: |  1  2  3  4  5  6  7  8  9 10 11 12 13 14 15 16 |
---------------+-------------------------------------------------+-----
Conjurations   | 2 3 4 5 6 7 8 9 |  9.8
Summonings     | 2 3 4 5 6 7 8 9 |  9.8
Translocations | 2 3 4 5 6 7 8 9 |  9.8
Invocations    | 1 2 3 4 5 6 7 8 9 10 11 12 | 12.3
Fighting       | 1 2 3 4 5 6 7 8 9 10 11 | 11.3
Short Blades   | 1 2 3 4 5 6 7 8 9 10 11 | 11.3
Long Blades    | 1 2 3 4 5 6 7 8 9 10 11 | 11.3
Axes           | 1 2 3 4 5 6 7 8 9 10 11 | 11.3
Maces & Flails | 1 2 3 4 5 6 7 8 9 10 11 | 11.3
Polearms       | 1 2 3 4 5 6 7 8 9 10 11 | 11.3
Staves         | 1 2 3 4 5 6 7 8 9 10 11 | 11.3
Slings         | 1 2 3 4 5 6 7 8 9 10 11 | 11.3
Bows           | 1 2 3 4 5 6 7 8 9 10 11 | 11.3
Crossbows      | 1 2 3 4 5 6 7 8 9 10 11 | 11.3
Throwing       | 1 2 3 4 5 6 7 8 9 10 12 | 12.1
Armour         | 1 2 3 5 6 8 10 11 12 13 15 | 15.1
Shields        | 1 2 3 4 5 6 7 8 9 10 11 | 11.3
Unarmed Combat | 1 2 3 4 5 6 7 8 9 10 11 | 11.3
Evocations     | 1 2 3 4 5 6 7 8 9 10 11 | 11.3
Hexes          | 1 2 3 4 5 6 7 8 9 |  9.6
Necromancy     | 1 2 3 4 5 6 7 8 9 |  9.6
Transmutations | 1 2 3 4 5 6 7 8 9 |  9.6
Fire Magic     | 1 2 3 4 5 6 7 8 9 |  9.6
Ice Magic      | 1 2 3 4 5 6 7 8 9 |  9.6
Air Magic      | 1 2 3 4 5 6 7 8 9 |  9.6
Earth Magic    | 1 2 3 4 5 6 7 8 9 |  9.6
Poison Magic   | 1 2 3 4 5 6 7 8 9 |  9.6
Dodging        | 5 6 7 8 9 10 11 12 | 12.2
Stealth        | 5 6 7 8 9 10 11 12 | 12.1
Spellcasting   | 8 9 10 11 12 13 | 13.3

Action                   |  1- 3 |  4- 6 |  7- 9 | 10-12 | 13-15 | 16-18 || total
-------------------------+-------+-------+-------+-------+-------+-------++-------
Melee: Dagger            |    63 |     7 |       |       |       |       ||    70
       Bite              |     8 |     7 |    21 |    26 |   167 |    66 ||   295
       Short sword       |    33 |    42 |       |    11 |       |       ||    86
       Punch             |     1 |       |     4 |    18 |    29 |       ||    52
       Whip              |       |    23 |    83 |       |       |    46 ||   152
       Spear             |       |       |    77 |   332 |  1079 |   389 ||  1877
       Trident           |       |       |    49 |       |       |       ||    49
       Headbutt          |       |       |       |    47 |     8 |       ||    55
Throw: Dart              |       |     3 |       |       |       |       ||     3
 Cast: Magic Dart        |    12 |     4 |     1 |     1 |     5 |     2 ||    25
       Call Imp          |    10 |    17 |    34 |    20 |    25 |     3 ||   109
       Mephitic Cloud    |       |     8 |    11 |    29 |    36 |     5 ||    89
       Blink             |       |     1 |     9 |    15 |    27 |    24 ||    76
       Summon Guardian G |       |       |    24 |    87 |    67 |    10 ||   188
       Frozen Ramparts   |       |       |     1 |       |    26 |    43 ||    70
       Summon Ice Beast  |       |       |       |    31 |    43 |     4 ||    78
       Stone Arrow       |       |       |       |    10 |     2 |       ||    12
       Freezing Cloud    |       |       |       |       |    47 |    35 ||    82
       Vampiric Draining |       |       |       |       |    28 |    16 ||    44
       Ozocubu's Armour  |       |       |       |       |     1 |    10 ||    11
       Polar Vortex      |       |       |       |       |     1 |     1 ||     2
       Starburst         |       |       |       |       |       |     1 ||     1
Invok: Channel Magic     |       |       |       |     1 |     3 |     1 ||     5
       Divine Exegesis   |       |       |       |       |     1 |     1 ||     2
Evoke: Wand              |       |       |       |       |     1 |     4 ||     5
       Condenser vane    |       |       |       |       |     1 |       ||     1
  Use: Potion            |       |       |    11 |     4 |     2 |     2 ||    19
       Scroll            |       |       |     7 |     7 |    12 |     7 ||    33
 Stab: Sleeping          |     2 |     4 |     5 |     1 |     9 |     1 ||    22
       Confused          |       |     3 |     3 |    14 |    14 |     1 ||    35
       Distracted        |       |       |     3 |     3 |     5 |       ||    11
Armor: Leather armour    |    30 |    19 |    44 |    16 |       |       ||   109
       Robe              |       |       |       |    15 |       |       ||    15
       Swamp dragon scal |       |       |       |   104 |   574 |   342 ||  1020
Dodge: Dodged            |    73 |    46 |   160 |   178 |   676 |   305 ||  1438
Block: Buckler           |       |       |       |       |   411 |   303 ||   714
       Other             |       |       |       |       |     6 |       ||     6
       Reflection        |       |       |       |       |     2 |       ||     2

Table legend: (Time is in decaauts)
 A = Elapsed time spent in this place.
 B = Non-inter-level travel time spent in this place.
 C = Inter-level travel time spent in this place.
 D = Time resting spent in this place.
 E = Time spent auto-exploring this place.
 F = Levels seen in this place.
 G = Mean time per level.
                   A        B        C        D        E       F      G
               +--------+--------+--------+--------+--------+-----+--------+
         Total |  41242 |  39603 |   1639 |  12011 |  16115 |  27 | 1527.5 |
       Dungeon |  19438 |  18458 |    980 |   4778 |   8733 |  12 | 1619.8 |
        Temple |    192 |    177 |     15 |      0 |    103 |   1 |  192.0 |
          Lair |  10547 |  10135 |    412 |   2904 |   4701 |   6 | 1757.8 |
   Spider Nest |   7916 |   7819 |     97 |   3817 |   1701 |   4 | 1979.0 |
  Orcish Mines |   2601 |   2468 |    133 |    470 |    773 |   2 | 1300.5 |
   Elven Halls |     52 |     52 |      0 |      0 |      0 |   1 |   52.0 |
        Bailey |    493 |    493 |      0 |     42 |    103 |   1 |  493.0 |
               +--------+--------+--------+--------+--------+-----+--------+

Top non-repeatable levels by time:
  Lair:2: 2750 daAuts
     D:3: 2658 daAuts
  Lair:6: 2581 daAuts
Spider:2: 2410 daAuts
     D:8: 2397 daAuts
    D:11: 2368 daAuts
Spider:3: 2092 daAuts
Spider:4: 1975 daAuts
   Orc:2: 1820 daAuts
  Lair:5: 1775 daAuts
     D:2: 1614 daAuts
  Lair:3: 1598 daAuts
Spider:1: 1437 daAuts
    D:12: 1425 daAuts
     D:1: 1418 daAuts
